 Dungeon Crawl Stone Soup version 0.21.1-1-g345015f (webtiles) character file.

46 inc the Conjurer (level 3, -2/14 HPs)
             Began as a Felid Fire Elementalist on Feb 22, 2018.
             Slain by a centaur zombie (3 damage)
             ... on level 3 of the Dungeon.
             The game lasted 00:03:37 (1581 turns).

inc the Conjurer (Felid Fire Elementalist)          Turns: 1581, Time: 00:03:37

Health: -2/14      AC:  1    Str:  4    XL:     3   Next: 46%
Magic:  0/7        EV: 18    Int: 17    God:
Gold:   25         SH:  0    Dex: 16    Spells: 5/6 levels left
                                        Lives:  0   Deaths: 0

rFire    . . .     SeeInvis +   (weapon unavailable)
rCold    . . .     Gourm    .   (shield unavailable)
rNeg     . . .     Faith    .   (armour unavailable)
rPois    .         Spirit   .   (helmet unavailable)
rElec    .         Reflect  .   (cloak unavailable)
rCorr    .         Harm     .   (gloves unavailable)
MR       .....                  (boots unavailable)
Stlth    +++.......             (no amulet)
HPRegen  0.04/turn              (no ring)
MPRegen  0.10/turn              (no ring)

@: quick
A: very small, no armour, no weapons or thrown items, stealth, claws 1, fangs 3,
see invisible, carnivore, speed 1, shaggy fur 1, slow metabolism 1, sharp paws
a: no special abilities


You were on level 3 of the Dungeon.
You were not hungry.

You visited 1 branch of the dungeon, and saw 3 of its levels.

You collected 25 gold pieces.

Inventory:

Scrolls
 c - 2 scrolls of amnesia {unknown}
 h - a scroll of blinking {unknown}
 k - a scroll of fog {unknown}
 m - a scroll of remove curse {unknown}
 n - a scroll of enchant armour {unknown}
 o - a scroll of identify {unknown}
Potions
 d - a potion of lignification {unknown}
 e - a potion of mutation {unknown}
 f - a potion of heal wounds {unknown}
 g - a potion of agility {unknown}
 i - a potion of degeneration {unknown}
 j - 2 potions of curing {unknown}
 p - a potion of ambrosia {unknown}
Books
 a - a book of Flames

   Spells                             Type                      Level
   a - Flame Tongue                   Conjuration/Fire             1
   b - Throw Flame                    Conjuration/Fire             2
   c - Conjure Flame                  Conjuration/Fire             3
   d - Inner Flame                    Hexes/Fire                   3
   e - Sticky Flame                   Conjuration/Fire             4
   f - Fireball                       Conjuration/Fire             5
 l - a book of Minor Magic

   Spells                             Type                      Level
   a - Magic Dart                     Conjuration                  1
   b - Blink                          Translocation                2
   c - Call Imp                       Summoning                    2
   d - Slow                           Hexes                        2
   e - Conjure Flame                  Conjuration/Fire             3
   f - Mephitic Cloud                 Conjuration/Poison/Air       3
Comestibles
 b - 6 rations


   Skills:
 - Level 2.6 Dodging
 - Level 2.6 Stealth
 - Level 2.0 Spellcasting
 + Level 3.1 Conjurations
 - Level 2.6 Fire Magic


You had 5 spell levels left.
You knew the following spells:

 Your Spells              Type           Power        Failure   Level  Hunger
a - Flame Tongue          Conj/Fire      ##...        6%          1    #......


Dungeon Overview and Level Annotations

Branches:
Dungeon (3/15)

Altars:
Elyvilon
Fedhas
Uskayaw
Xom
Zin


Innate Abilities, Weirdness & Mutations

You cannot wear armour.
You are incapable of wielding weapons or throwing items.
Your paws allow you to move quietly. (Stealth)
You have sharp claws.
You have razor-sharp teeth.
You have supernaturally acute eyesight. (SInv)
You are carnivorous and can eat meat at any time.
You cover ground quickly.
You are covered in fur. (AC +1)
You have a slow metabolism.
Your sharp claws are effective at attacking unaware monsters.


Message History

Confirm with . or Enter, or press ? or * to list all spells.
Aiming: Flame Tongue
Press: ? - help, Shift-Dir - straight line, f - centaur zombie
Aim: a centaur zombie The flame tongue hits the centaur zombie.
The centaur zombie is lightly damaged.
The centaur zombie misses you. The centaur zombie hits you.
Casting: Flame Tongue
Confirm with . or Enter, or press ? or * to list all spells.
Aiming: Flame Tongue
Press: ? - help, Shift-Dir - straight line, f/p - centaur zombie
Aim: a centaur zombie (lightly damaged)
The flame tongue hits the centaur zombie.
The centaur zombie is moderately damaged.
The centaur zombie hits you!
Ouch! That really hurt!
* * * LOW HITPOINT WARNING * * *
Okay, then.
The centaur zombie hits you.
You die...

.... ....
...?.
####.....
#......##
#........
#..).....
#@†......
#.Z......
#......##
...#####
....
#.....
#.....
#......


You could see a centaur zombie.

Vanquished Creatures
  2 adders (D:2)
  A dart slug (D:2)
  A leopard gecko (D:2)
  2 bats (D:2)
  3 giant cockroaches
  2 hobgoblins
  A ball python (D:3)
  2 frilled lizards (D:2)
  5 goblins
  6 kobolds
  2 rats (D:2)
27 creatures vanquished.

Notes
Turn   | Place    | Note
-------+----------+-------------------------------------------
     0 | D:1      | inc the Felid Fire Elementalist began the quest for the Orb.
     0 | D:1      | Reached XP level 1. HP: 7/7 MP: 4/4
   119 | D:1      | Reached skill level 1 in Conjurations
   514 | D:2      | Reached XP level 2. HP: 11/11 MP: 3/6
   572 | D:2      | Reached skill level 2 in Conjurations
   635 | D:2      | Found a blossoming altar of Fedhas.
   703 | D:2      | Found a white marble altar of Elyvilon.
   846 | D:2      | Reached XP level 3. HP: 7/14 MP: 1/7
  1097 | D:2      | Reached skill level 3 in Conjurations
  1115 | D:2      | Found a glowing silver altar of Zin.
  1115 | D:2      | Found a shimmering altar of Xom.
  1115 | D:2      | Noticed an angel
  1395 | D:2      | Found a hide-covered altar of Uskayaw.
  1398 | D:2      | Noticed a hand axe
  1399 | D:2      | Noticed a hand axe
  1581 | D:3      | Slain by a centaur zombie

Skill      XL: |  1  2  3 |
---------------+----------+-----
Conjurations   | 1 2 3 |  3.1
Dodging        | |  2.6
Stealth        | |  2.6
Spellcasting   | |  2.0
Fire Magic     | |  2.6

Action                   || total
-------------------------++-------
 Cast: Flame Tongue      ||    56
  Eat: Chunk             ||     2
Armor: Skin              ||     1
Dodge: Dodged            ||    21
